 Dungeon Sprint DCSS version 0.27-a0-1139-g28e009f8a6 (webtiles) character file.

Game seed: 11233240221729572431

2857 Zeld the Fighter (level 9, -6/96 HPs)
             Began as a Minotaur Fighter on May 7, 2021.
             Killed by a magical explosion (24 damage)
             ... in the Dungeon (Sprint II: "The Violet Keep of Menkaure").
             The game lasted 00:04:59 (1921 turns).

Zeld the Fighter (Minotaur Fighter)                 Turns: 1921, Time: 00:05:00

Health: -6/96      AC:  7    Str: 23    XL:     9   Next: 47%
Magic:  8/8        EV:  9    Int:  3    God:
Gold:   76         SH: 14    Dex: 11    Spells: 8/8 levels left

rFire    . . .     SeeInvis .   a - +3 war axe
rCold    . . .     Faith    .   c - +0 kite shield
rNeg     . . .     Spirit   .   b - +0 scale mail
rPois    .         Reflect  .   (helmet restricted)
rElec    .         Harm     .   k - +0 cloak
rCorr    .         Rampage  .   i - +0 pair of gloves
Will     .....     NoTele   +   l - +0 pair of boots
Stlth    ..........             (no amulet)
HPRegen  0.26/turn              (no ring)
MPRegen  0.11/turn              (no ring)

@: mighty, heavily contaminated, glowing
A: horns 2, retaliatory headbutt, deformed body, dopey 1, subdued magic 2
a: no special abilities


You were in the Dungeon.
You visited 1 branch You collected 972 gold pieces.
You spent 896 gold pieces at shops.

Inventory:

Hand Weapons
 a - a +3 war axe (weapon)
Armour
 b - a +0 scale mail (worn)
 c - a +0 kite shield (worn)
 i - a +0 pair of gloves (worn)
 k - a +0 cloak (worn)
 l - a +0 pair of boots (worn)
Scrolls
 j - a scroll of blinking
 n - a scroll of identify
Potions
 d - a potion of flight
 e - 4 potions of curing
 f - 2 potions of heal wounds
 g - a potion of haste
 h - 2 potions of magic
 m - 2 potions of might


   Skills:
 * Level 14.9 Fighting
 * Level 14.7 Axes
 - Level 3.6 Armour
 * Level 14.9 Shields


You had 8 spell levels left.
You didn't know any spells.
Your spell library was empty.

Dungeon Overview and Level Annotations

Branches:
Dungeon (1/1)

Altars:
Zin

Shops:
D ==:=:[*!=!?[([(

Annotations:
D exclusion: oklob plant


Innate Abilities, Weirdness & Mutations

You have a pair of horns on your head.
You reflexively headbutt those who attack you in melee.
Armour fits poorly on your strangely shaped body.
You are dopey. (Int -2)
Your spells are easier to cast, but less powerful.


Message History

Really fly into that cloud of mutagenic fog?
Okay, then.
You are engulfed in mutagenic fog.
The mutagenic energy flows into you.
You are engulfed in mutagenic fog.
The mutagenic energy flows into you. As you open the door, it creaks loudly!
You are engulfed in mutagenic fog.
The mutagenic energy flows into you.
There is an open door here.
You are engulfed in mutagenic fog.
The mutagenic energy flows into you.
You reach down and close the door.
You are engulfed in mutagenic fog.
The mutagenic energy flows into you.
Your body shudders with the violent release of wild energies!
The magical storm engulfs you!!!
Your body twists and deforms.
You start resting.
You hear a deafening roar!
You are starting to lose your buoyancy.
You start resting.
Your body shudders with the violent release of wild energies!
The magical storm engulfs you!
You are poisoned.
You feel stupid.
You start resting.
You feel very sick.
You hear a deafening roar! x2
You float gracefully downwards.
You feel very sick.
You start resting.
You feel very sick.
You feel sick. x8
You are no longer poisoned.
You start resting.
Your body shudders with the violent release of wild energies!
Your connection to magic feels more subdued.
You feel less contaminated with magical energies.
Press: ? - help, v - describe, . - travel The floor.
You start resting.
Your body shudders with the violent release of wild energies!
The magical storm engulfs you!!
You die...

### +@+ #.# ####+####
##≈≈§§§≈≈##
##≈≈§§≈§§≈§##
+≈≈≈≈≈§§≈§≈§#
##§§§§≈§§≈≈##
≈##§§≈§§§§##
##########≈≈#+++#'''##


There were no monsters in sight!

Vanquished Creatures
  2 boulder beetles (D)
  An orange crystal statue (D)
  A merfolk siren (D)
  2 wyverns (D)
  Menkaure (D)
  5 scorpions (D)
12 creatures vanquished.

Vanquished Creatures (others)
  A water moccasin (D)
1 creature vanquished.

Grand Total: 13 creatures vanquished

Notes
Turn   | Place    | Note
-------+----------+-------------------------------------------
     0 | D        | Zeld the Minotaur Fighter began the quest for the Orb.
     0 | D        | Reached XP level 1. HP: 19/19 MP: 0/0
     1 | D        | Noticed a boulder beetle
     1 | D        | Noticed a boulder beetle
     5 | D        | Noticed a wyvern
     5 | D        | Noticed a wyvern
     9 | D        | Noticed a merfolk siren
    14 | D        | HP: 1/28 [merfolk siren/+0 spear (14)]
    16 | D        | Killed a merfolk siren
    17 | D        | Reached skill level 10 in Fighting
    17 | D        | Reached skill level 10 in Shields
    17 | D        | Reached XP level 2. HP: 2/38 MP: 1/1
    17 | D        | Reached XP level 3. HP: 3/45 MP: 2/2
    17 | D        | Reached XP level 4. HP: 3/51 MP: 3/3
    17 | D        | Reached XP level 5. HP: 4/58 MP: 4/4
    17 | D        | Reached XP level 6. HP: 5/66 MP: 5/5
   218 | D        | Killed a water moccasin
   414 | D        | Reached skill level 10 in Axes
   758 | D        | Reached XP level 7. HP: 69/74 MP: 6/6
   772 | D        | Found Wity's Antique Weapon Shoppe.
   772 | D        | Found Qaoc's Antique Armour Shoppe.
   772 | D        | Found Gymeb's Magic Scroll Emporium.
   772 | D        | Found Cekiarch's Jewellery Shoppe.
   772 | D        | Found Tutasyipsa's Antique Armour Emporium.
   772 | D        | Found Xeogriv's Distillery.
   772 | D        | Found Kiel Led's Distillery.
   773 | D        | Found Zofy's Antique Weapon Emporium.
   773 | D        | Found Hyoclar's General Store.
   773 | D        | Found Mubemez's Antique Armour Emporium.
   777 | D        | Found Veprech's Book Shoppe.
   777 | D        | Found Dusoicyi's Jewellery Emporium.
   777 | D        | Noticed Menkaure
   777 | D        | Noticed an oklob plant
   778 | D        | Found Ilippuwk's Jewellery Shoppe.
   778 | D        | Found Qeser's Jewellery Emporium.
   778 | D        | Found Zomant's Book Shoppe.
   795 | D        | Killed Menkaure
   960 | D        | Bought a pair of gloves for 135 gold pieces
   962 | D        | Bought a cloak for 99 gold pieces
   962 | D        | Bought a pair of boots for 99 gold pieces
   964 | D        | Bought a scroll of enchant weapon for 97 gold pieces
   964 | D        | Bought a scroll of identify for 26 gold pieces
   966 | D        | Bought a potion of curing for 30 gold pieces
   966 | D        | Noticed a great orb of eyes
  1154 | D        | Found a glowing silver altar of Zin.
  1164 | D        | Noticed an orange crystal statue
  1191 | D        | Killed a boulder beetle
  1192 | D        | Reached XP level 8. HP: 60/86 MP: 7/7
  1206 | D        | Killed a boulder beetle
  1207 | D        | Reached XP level 9. HP: 39/95 MP: 8/8
  1693 | D        | Bought a potion of curing for 30 gold pieces
  1693 | D        | Bought a potion of flight for 30 gold pieces
  1694 | D        | Bought 2 potions of might for 88 gold pieces
  1694 | D        | Bought a potion of curing for 33 gold pieces
  1694 | D        | Bought a potion of heal wounds for 55 gold pieces
  1694 | D        | Bought a potion of flight for 33 gold pieces
  1694 | D        | Bought a potion of might for 44 gold pieces
  1700 | D        | Bought a scroll of enchant weapon for 97 gold pieces
  1866 | D        | Killed an orange crystal statue
  1872 | D        | Gained mutation: Your spells are a little easier to cast,
                  | but a little less powerful. [mutagenic glow]
  1882 | D        | Gained mutation: Armour fits poorly on your strangely
                  | shaped body. [mutagenic glow]
  1890 | D        | Gained mutation: You are dopey. (Int -2) [mutagenic glow]
  1909 | D        | Gained mutation: Your spells are easier to cast, but less
                  | powerful. [mutagenic glow]
  1921 | D        | Killed by a magical explosion

Illustrated notes

Levels and vault maps discovered:
D:        the_violet_keep_of_menkaure [sprint2_stairs_cluster_1,
          sprint2_shoproom, sprint2_temple, sprint2_basic_supplies,
          sprint2_obstacle_7, sprint2_obstacle_1, sprint2_obstacle_4,
          sprint2_obstacle_5, sprint2_obstacle_3, sprint2_timed_cluster_1,
          sprint2_smallroom_cluster_1, sprint2_smallroom_final_cluster_1,
          sprint2_transparent_cluster_1, sprint2_second_timed_cluster_1,
          sprint2_sniper_area_1, sprint2_heavy_combat_area_1,
          sprint2_mutation_trap_area_1, sprint2_forest_area_1,
          sprint2_light_combat_area_1, sprint2_behind_water_1,
          sprint2_near_end_vault_1]

Skill      XL: |  1  2  3  4  5  6  7  8  9 |
---------------+----------------------------+-----
Fighting       | 10 11 13 14 | 14.9
Axes           | 9 10 12 13 14 | 14.7
Shields        | 10 11 13 14 | 14.9
Armour         | |  3.6

Action                   |  1- 3 |  4- 6 |  7- 9 || total
-------------------------+-------+-------+-------++-------
Melee: War axe           |     5 |     9 |    39 ||    53
       Headbutt          |     2 |     3 |    11 ||    16
  Use: Potion            |     1 |       |     3 ||     4
       Scroll            |       |       |     3 ||     3
Armor: Scale mail        |     1 |     1 |     3 ||     5
Dodge: Dodged            |       |     3 |     4 ||     7
Block: Kite shield       |     3 |     4 |     9 ||    16

Table legend: (Time is in decaauts)
 A = Elapsed time spent in this place.
 B = Non-inter-level travel time spent in this place.
 C = Inter-level travel time spent in this place.
 D = Time resting spent in this place.
 E = Time spent auto-exploring this place.
 F = Levels seen in this place.
 G = Mean time per level.
                   A        B        C        D        E       F      G
               +--------+--------+--------+--------+--------+-----+--------+
         Total |   1953 |   1926 |     27 |   1590 |      0 |   1 | 1953.0 |
       Dungeon |   1953 |   1926 |     27 |   1590 |      0 |   1 | 1953.0 |
               +--------+--------+--------+--------+--------+-----+--------+

Top non-repeatable levels by time:
       D: 1953 daAuts
